Map: Frozen Temple

Players

Fropez - Winner!

  • Race: Protoss Protoss
  • League: Gold
  • Spawn Location: 11:00

Schism

  • Race: Terran Terran
  • League: Platinum
  • Spawn Location: 5:00

VOD

Have the link to the VOD?

Description

Time

  • Played on: Sept. 4, 2016, 2:27 p.m.
  • Length: 22:39
Show
View Real Time Build Order
Export as new Build Order

Fropez Protoss - Winner!

Build Orders: 1 Gate Expand 

Get SALT Encoding   

  12  0:00  Probe (Chrono Boost)  
  13  0:18  Pylon, Probe (Chrono Boost)  
  14  0:34  Pylon, Probe (Chrono Boost)  
  15  0:43  Gateway  
  15  0:46  Probe (Chrono Boost)  
  16  1:15  Nexus  
  17  1:26  Assimilator  
  16  1:33  Cybernetics Core  
  16  1:36  Probe (Chrono Boost)  
  17  1:48  Pylon  
  17  1:49  Pylon  
  17  1:52  Probe (Chrono Boost)  
  18  2:00  Assimilator  
  18  2:13  Probe (Chrono Boost)  
  19  2:17  Warp Gate (Chrono Boost)  
  19  2:24  Gateway  
  19  2:29  Pylon  
  19  2:36  Probe  
  19  2:37  Probe  
  20  2:48  Mothership Core  
  22  3:06  Adept  
  22  3:12  Adept  
  26  3:13  Probe x2  
  28  3:25  Probe  
  29  3:27  Pylon  
  29  3:28  Probe  
  30  3:35  Adept  
  30  3:37  Probe  
  34  3:44  Adept  
  36  3:53  Twilight Council, Probe  
  36  4:00  Probe  
  37  4:18  Probe  
  38  4:37  Gateway  
  38  4:42  Gateway  
  38  4:43  Adept  
  38  4:45  Pylon  
  40  4:48  Probe x2  
  40  4:50  Gateway  
  42  4:58  Probe, Blink (Chrono Boost)  
  42  5:01  Robotics Facility  
  43  5:12  Probe, Robotics Facility  
  43  5:14  Pylon, Probe  
  44  5:18  Stalker  
  47  5:23  Stalker  
  47  5:25  Probe  
  47  5:26  Probe  
  51  5:36  Probe  
  51  5:38  Probe  
  53  5:43  Forge  
  53  5:44  Pylon  
  53  5:53  Assimilator  
  53  5:55  Assimilator  
  53  5:57  Pylon  
  53  5:59  Probe  
  53  6:02  Observer  
  55  6:05  Probe  
  56  6:13  Pylon  
  56  6:21  Probe x2  
  58  6:28  Warp Prism  
  58  6:32  Protoss Ground Weapons Level 1 (Chrono Boost)  
  60  6:34  Photon Cannon  
  60  6:38  Probe  
  61  6:44  Probe  
  62  6:52  Probe, Photon Cannon  
  63  6:55  Photon Cannon  
  63  6:59  Resonating Glaives  
  63  7:01  Stalker x3  
  63  7:02  Stalker x2  
  73  7:08  Probe  
  73  7:09  Probe  
  69  7:50  Adept x2  
  69  7:51  Adept x3  
  67  8:29  Probe  
  67  8:30  Probe  
  67  8:32  Immortal  
  71  8:36  Adept x4  
  71  8:37  Adept  
  69  9:05  Gateway  
  69  9:06  Gateway  
  69  9:08  Gateway x2  
  69  9:11  Gateway  
  69  9:12  Zealot  
  69  9:13  Zealot  
  69  9:14  Gateway, Zealot x2  
  69  9:16  Gateway  
  66  9:17  Probe, Gateway  
  66  9:19  Gateway  
  66  9:22  Probe  
  60  9:38  Nexus  
  60  9:40  Pylon, Stalker x5  
  60  9:43  Pylon  
  60  9:44  Pylon  
  70  9:48  Probe  
  70  9:49  Pylon, Probe  
  72  9:57  Observer (Chrono Boost)  
  72  9:58  Pylon  
  72  10:00  Nexus  
  72  10:02  Pylon  
  72  10:07  Stalker x3  
  78  10:18  Probe  
  78  10:19  Probe  
  80  10:30  Templar Archives  
  80  10:32  Pylon  
  80  10:40  Photon Cannon  
  80  10:46  Pylon  
  80  10:49  Probe, Photon Cannon  
  81  10:50  Photon Cannon  
  81  10:52  Pylon  
  81  11:01  Zealot x2, Protoss Ground Armor Level 1  
  81  11:02  Zealot  
  87  11:04  Zealot  
  81  11:12  Charge  
  84  11:19  Immortal (Chrono Boost)  
  80  11:46  Probe  
  80  11:53  Observer (Chrono Boost)  
  81  12:00  Probe  
  82  12:09  Assimilator  
  82  12:11  Assimilator  
  82  12:14  Probe  
  83  12:18  Assimilator  
  83  12:19  Probe  
  83  12:20  Assimilator  
  84  12:27  Photon Cannon, Robotics Facility  
  84  12:28  Stalker x2  
  84  12:29  Stalker x5  
  98  12:30  Stalker x2, Robotics Facility  
  102  12:38  Protoss Ground Weapons Level 2  
  102  12:39  Observer (Chrono Boost)  
  103  13:08  Stalker  
  103  13:09  Stalker x2  
  103  13:10  Stalker x4  
  111  13:21  Pylon  
  111  13:31  Photon Cannon  
  111  13:40  Adept x3  
  111  13:41  Adept x5  
  123  13:42  Adept x5  
  122  14:30  Psionic Storm  
  98  14:34  Zealot x6  
  98  14:35  Zealot x4  
  98  14:36  Protoss Ground Armor Level 2, Zealot x3  
  92  15:16  Probe x2  
  92  15:17  Probe  
  92  15:18  Probe, Immortal x2 (Chrono Boost)  
  96  15:26  Probe  
  96  15:27  Probe  
  98  15:41  Observer (Chrono Boost)  
  99  15:56  Nexus  
  99  15:59  Assimilator  
  99  16:01  Assimilator  
  99  16:04  Pylon  
  99  16:11  Stalker  
  99  16:12  Stalker x5  
  99  16:13  Stalker x4  
  109  16:55  Zealot x4  
  109  16:56  Zealot x5  
  109  16:57  Zealot x4  
  110  17:37  Observer (Chrono Boost)  
  110  17:39  Stalker x5  
  110  17:40  Stalker x3  
  102  17:55  Observer (Chrono Boost)  
  102  17:58  Probe x2  
  85  17:59  Probe  
  85  18:00  Probe  
  85  18:05  High Templar x6  
  95  18:06  High Templar x4  
  95  18:07  High Templar x4  
  113  18:17  Probe  
  113  18:18  Probe  
  113  18:19  Probe x2  
  125  18:53  Zealot x2  
  125  18:54  Zealot x6  
  125  18:55  Zealot x5  
  119  19:23  Zealot x5  
  119  19:24  Zealot x3  
  121  19:46  Archon x6  
  121  19:47  Archon  
  119  19:54  High Templar x2  
  116  21:16  Nexus  
  116  21:18  Pylon  
  116  21:38  Pylon  
  116  21:40  Pylon  
  70  22:36  Assimilator  
  70  22:37  Assimilator  
Show
View Real Time Build Order
Export as new Build Order

Schism Terran 

Build Orders: Command Center First (CC), MMM Bio 

Get SALT Encoding   

  12  0:00  SCV  
  13  0:13  SCV  
  14  0:24  Supply Depot  
  14  0:25  SCV  
  15  0:45  SCV  
  16  1:00  Command Center  
  16  1:02  SCV  
  17  1:14  SCV  
  18  1:19  Barracks  
  18  1:26  SCV  
  19  1:38  SCV  
  20  1:48  Barracks x2  
  20  1:51  SCV  
  21  1:59  Refinery  
  21  2:03  SCV  
  22  2:08  Marine  
  22  2:14  Bunker  
  23  2:20  Bunker  
  24  2:22  SCV  
  24  2:27  SCV  
  25  2:35  SCV  
  26  2:40  Marine x2, SCV  
  29  2:47  SCV  
  29  2:51  Marine  
  31  2:52  SCV  
  32  2:59  SCV  
  32  3:01  Marine x2  
  35  3:07  Orbital Command  
  35  3:11  Orbital Command  
  35  3:17  Refinery  
  35  3:21  Refinery  
  35  3:23  Barracks Tech Lab  
  35  3:24  Barracks Tech Lab  
  35  3:35  Ghost Academy  
  35  3:37  SCV x2  
  37  3:49  SCV  
  38  4:00  Supply Depot  
  38  4:06  Personal Cloaking  
  38  4:07  Supply Depot  
  38  4:14  Combat Shields  
  38  4:15  Refinery  
  38  4:21  Marine x3  
  38  4:22  SCV x2  
  38  4:23  Supply Depot  
  43  4:30  Supply Depot  
  43  4:34  SCV x2  
  45  4:39  Marine, Ghost x2  
  50  4:46  SCV x2  
  52  4:58  SCV x2  
  54  5:05  Engineering Bay  
  54  5:10  SCV  
  55  5:17  SCV  
  56  5:22  SCV  
  56  5:26  Ghost x2  
  56  5:28  Barracks Reactor  
  61  5:29  SCV  
  61  5:34  SCV  
  63  5:37  Barracks x2  
  63  5:41  SCV, Factory  
  63  5:42  Stimpack  
  64  6:04  Neosteel Frame  
  64  6:07  Marine x2  
  64  6:09  Ghost x2  
  70  6:18  Supply Depot  
  70  6:29  Supply Depot  
  70  6:39  Barracks Reactor x2, Marine x2, SCV x2  
  74  6:41  Supply Depot  
  74  6:47  Factory Reactor, Starport, Command Center  
  74  6:51  SCV x2, Supply Depot  
  76  7:03  SCV x2  
  76  7:06  Nuke  
  78  7:14  Supply Depot  
  78  7:23  Missile Turret x2  
  78  7:25  Missile Turret  
  78  7:27  Starport Tech Lab  
  60  8:52  Hellion x2  
  60  8:53  Ghost x2  
  60  8:54  Marine x3  
  60  8:55  Marine  
  36  9:12  Marine  
  32  9:41  Marine x3  
  32  9:42  Marine x2  
  32  9:44  SCV  
  32  9:45  SCV  
  39  9:52  Nuke  
  39  9:53  Refinery  
  39  9:54  Terran Infantry Weapons Level 1  
  39  9:57  SCV x2  
  39  9:58  Planetary Fortress  
  41  10:04  Supply Depot  
  41  10:09  SCV x2  
  41  10:11  Marine  
  41  10:12  Marine x3  
  41  10:13  Ghost x2  
  51  10:15  Medivac x2  
  51  10:21  SCV x2  
  57  10:29  Marine x3  
  57  10:33  SCV x2  
  57  10:34  SCV  
  63  10:45  SCV x2, Medivac x2  
  63  10:46  SCV  
  70  10:57  SCV, Missile Turret  
  70  10:58  SCV  
  70  11:03  Missile Turret  
  71  11:15  Medivac  
  71  11:18  Missile Turret  
  71  11:52  Marine x7  
  71  11:53  Marine  
  79  11:59  SCV  
  80  12:03  SCV  
  80  12:05  SCV  
  82  12:09  Marine  
  82  12:10  Marine x7  
  90  12:27  Marine x3  
  93  12:31  SCV  
  93  12:36  SCV x2  
  96  12:37  Refinery  
  96  12:43  SCV  
  97  12:45  Armory  
  97  12:48  SCV x2  
  97  12:50  Terran Infantry Armor Level 1  
  99  12:55  SCV  
  100  13:00  SCV x2  
  100  13:02  Nuke  
  102  13:07  SCV  
  102  13:12  SCV x2  
  105  13:19  SCV  
  104  13:24  SCV  
  105  13:39  SCV  
  105  13:40  SCV x2  
  108  13:51  SCV  
  108  13:52  SCV x2  
  111  14:03  SCV  
  111  14:04  SCV x2  
  114  14:15  SCV  
  109  14:28  SCV  
  70  14:56  SCV  
  61  15:08  SCV  
  62  15:20  SCV  
  63  15:25  SCV x2  
  65  15:30  Marine x5, Marauder x2  
  65  15:31  Marine  
  65  15:32  SCV  
  65  15:35  Concussive Shells  
  76  15:37  SCV x2  
  78  15:44  SCV  
  78  15:47  Marine  
  78  15:48  Marine x4  
  78  15:49  Marine, SCV x2  
  87  15:51  Marauder, Nuke  
  87  15:52  Marauder  
  87  15:56  SCV  
  92  16:01  SCV x2  
  94  16:05  Marine  
  94  16:08  SCV  
  96  16:13  SCV, Marauder x2  
  96  16:16  Marine x3  
  96  16:17  Marine x2  
  106  16:34  Marauder  
  106  16:35  Marauder  
  110  16:40  Nuke  
  109  16:56  Marauder x2  
  109  16:58  Marine  
  109  16:59  Marine x5  
  119  17:06  Medivac x2  
  119  17:16  Marine x2  
  119  17:17  Marauder x2  
  110  17:36  Medivac x2  
  107  17:38  Marauder  
  107  17:39  Marauder  
  107  17:41  Marine x5  
  97  17:59  Marine x3  
  97  18:00  Marine x3, Marauder x2  
  107  18:06  Medivac  
  109  18:17  Marine x4  
  113  18:21  Marauder x2  
  116  18:43  Marauder x2  
  117  19:04  Marauder x2  
  120  19:14  Marine  
  120  19:25  Marauder  
  120  19:26  Marauder  
  96  19:47  Marauder  
Tags
 
Add a new tag
Caveats
  • Supply blocks, unpowered buildings, or Contaminate may cause inaccurate times.
  • Supply counts are checked every 10 seconds.